Map: Ultralove

Players

SpeCial

  • Race: Terran Terran
  • League: Grandmaster
  • Spawn Location: 7:00

A.I. 1 (Very Easy) - Winner!

  • Race: Protoss Protoss
  • Spawn Location: 1:00

VOD

Have the link to the VOD?

Description

Time

  • Played on: Sept. 1, 2025, 7:50 a.m.
  • Length: 7:31
Show
View Real Time Build Order
Export as new Build Order

SpeCial Terran 

Build Orders:  

Get SALT Encoding   

  12  0:00  SCV  
  13  0:12  SCV  
  14  0:16  Supply Depot  
  14  0:24  SCV  
  15  0:38  SCV  
  15  0:39  Barracks  
  15  0:42  Refinery  
  16  0:50  SCV  
  16  0:52  Refinery  
  17  1:02  SCV  
  18  1:14  SCV  
  19  1:26  Reaper  
  19  1:27  Supply Depot, Orbital Command  
  20  1:41  Factory  
  20  1:53  SCV  
  21  1:58  Reaper  
  22  2:05  SCV  
  23  2:16  Command Center  
  23  2:18  SCV  
  24  2:25  Hellion  
  26  2:30  SCV  
  26  2:32  Barracks Reactor  
  27  2:37  Starport  
  27  2:43  Supply Depot  
  27  2:44  SCV  
  27  2:49  Widow Mine  
  30  2:58  SCV  
  31  3:09  Marine x2  
  31  3:11  Widow Mine  
  36  3:12  SCV  
  36  3:15  Medivac  
  38  3:25  SCV  
  39  3:28  Marine x2  
  39  3:31  Orbital Command  
  41  3:34  Factory Tech Lab  
  41  3:37  SCV  
  42  3:46  Marine x2  
  44  3:49  SCV  
  44  3:55  Siege Tank, Barracks  
  48  3:57  SCV  
  48  4:00  Liberator  
  48  4:01  SCV  
  53  4:04  Supply Depot  
  54  4:10  SCV  
  54  4:22  Supply Depot  
  54  4:25  Barracks  
  54  4:26  SCV x2, Marine x2  
  61  4:31  Siege Tank  
  61  4:37  Supply Depot  
  62  4:38  SCV  
  62  4:44  SCV  
  63  4:47  Engineering Bay  
  63  4:49  Barracks Tech Lab  
  63  4:50  SCV, Refinery, Marine x2  
  66  4:56  SCV  
  67  5:00  Supply Depot  
  67  5:02  SCV  
  68  5:08  SCV  
  68  5:11  Stimpack, Marine  
  68  5:13  Starport Reactor  
  70  5:14  SCV  
  70  5:18  Factory Reactor  
  70  5:20  SCV, Combat Shield, Marine  
  73  5:21  Marine  
  73  5:22  Marine  
  73  5:27  SCV  
  76  5:30  Supply Depot, Refinery  
  76  5:32  SCV  
  76  5:33  Terran Infantry Weapons Level 1  
  77  5:38  Supply Depot  
  77  5:42  SCV  
  78  5:44  Marine x2  
  78  5:45  Marauder x2  
  84  5:52  Supply Depot  
  84  5:55  SCV  
  86  5:57  SCV  
  86  6:00  Medivac x2, Supply Depot  
  86  6:02  Marine x2  
  92  6:05  Widow Mine  
  92  6:06  Widow Mine  
  100  6:11  Marauder x2  
  100  6:19  Marine  
  100  6:20  Marine  
  102  6:28  Widow Mine x2  
  102  6:30  Command Center  
  106  6:33  Marauder x2  
  106  6:39  Barracks  
  110  6:40  Barracks  
  110  6:43  Marine x2  
  110  6:45  Medivac x2  
  116  6:48  Supply Depot  
  116  6:50  SCV  
  116  6:51  SCV  
  116  6:54  Supply Depot  
  118  7:10  SCV x2, Marine x2  
  126  7:20  Supply Depot  
  128  7:26  Barracks Tech Lab  
  128  7:27  Barracks Reactor  
Show
View Real Time Build Order
Export as new Build Order

A.I. 1 (Very Easy) Protoss - Winner!

Build Orders:  

Get SALT Encoding   

  12  0:00  Probe  
  13  0:13  Probe  
  14  0:20  Pylon  
  14  0:36  Assimilator  
  14  0:42  Gateway  
  14  0:46  Pylon  
  14  1:14  Assimilator  
  14  1:22  Zealot  
  14  1:24  Probe  
  14  1:32  Probe  
  17  1:33  Cybernetics Core  
  18  1:42  Probe  
  19  1:54  Probe  
  20  2:00  Warp Gate  
  20  2:02  Probe  
  21  2:10  Probe  
  22  2:42  Stalker  
  24  2:58  Pylon  
  24  3:11  Stalker  
  26  3:48  Zealot  
  28  4:02  Probe  
  28  5:27  Stalker  
  22  5:36  Probe  
  17  5:48  Probe  
  11  6:00  Probe  
  12  6:11  Probe  
  13  6:19  Probe  
  14  6:27  Probe  
  15  6:39  Probe  
  16  6:43  Zealot  
  18  6:51  Probe  
  19  7:03  Probe  
  20  7:14  Probe  
  21  7:26  Robotics Facility  
Tags
 
Matchup
PvT
Player
SpeCial
Spawn Locations
Cross Positions
Add a new tag
Caveats
  • Supply blocks, unpowered buildings, or Contaminate may cause inaccurate times.
  • Supply counts are checked every 10 seconds.